Map: 데스오라 - 래더

Players

Zest

  • Race: Protoss Protoss
  • League: Master
  • Spawn Location: 11:00

INnoVation - Winner!

  • Race: Terran Terran
  • League: Master
  • Spawn Location: 5:00

VOD

Have the link to the VOD?

Description

Time

  • Played on: Jan. 1, 2021, 7:28 a.m.
  • Length: 8:57
Show
View Real Time Build Order
Export as new Build Order

Zest Protoss 

Build Orders: 1 Gate Expand, Blink Stalkers, Chargelot Immortal 

Get SALT Encoding   

  12  0:00  Probe  
  13  0:12  Probe  
  14  0:17  Pylon  
  14  0:24  Probe (Chrono Boost)  
  15  0:36  Gateway, Probe (Chrono Boost)  
  16  0:44  Probe (Chrono Boost)  
  16  0:46  Assimilator  
  17  0:51  Probe  
  18  1:03  Probe  
  19  1:15  Probe  
  20  1:23  Cybernetics Core  
  20  1:32  Nexus  
  20  1:34  Probe  
  21  1:41  Pylon  
  21  1:46  Probe  
  22  1:50  Assimilator  
  22  1:57  Adept (Chrono Boost)  
  22  1:58  Probe (Chrono Boost)  
  25  2:02  Warp Gate  
  25  2:10  Probe (Chrono Boost)  
  26  2:18  Probe (Chrono Boost)  
  27  2:22  Twilight Council  
  27  2:24  Probe  
  28  2:32  Stalker  
  28  2:37  Probe  
  31  2:42  Gateway  
  32  2:44  Probe  
  32  2:49  Probe  
  33  2:54  Blink (Chrono Boost)  
  33  2:56  Probe  
  34  3:01  Probe  
  35  3:08  Probe  
  35  3:09  Stalker  
  38  3:13  Probe  
  37  3:20  Probe  
  37  3:25  Probe  
  39  3:32  Probe  
  39  3:34  Nexus  
  40  3:39  Probe  
  41  3:44  Probe  
  41  3:51  Probe  
  41  3:54  Robotics Facility  
  40  3:56  Probe  
  40  3:57  Sentry  
  40  3:58  Stalker  
  40  4:00  Pylon  
  45  4:03  Probe  
  45  4:08  Phoenix, Pylon  
  46  4:18  Assimilator, Probe (Chrono Boost)  
  46  4:20  Probe (Chrono Boost)  
  46  4:21  Stalker x2  
  52  4:30  Probe (Chrono Boost)  
  52  4:31  Pylon  
  54  4:35  Probe (Chrono Boost)  
  54  4:37  Probe (Chrono Boost)  
  55  4:42  Probe  
  55  4:43  Observer  
  55  4:44  Probe  
  55  4:45  Stalker x2  
  62  4:46  Probe  
  63  4:53  Charge  
  63  4:57  Probe x2 (Chrono Boost)  
  63  4:58  Probe (Chrono Boost)  
  66  5:05  Warp Prism (Chrono Boost)  
  70  5:08  Probe (Chrono Boost)  
  70  5:09  Probe (Chrono Boost)  
  70  5:10  Sentry  
  70  5:11  Probe (Chrono Boost)  
  70  5:13  Pylon, Probe (Chrono Boost)  
  73  5:14  Observer, Probe (Chrono Boost)  
  73  5:18  Probe  
  76  5:21  Gateway x2  
  76  5:23  Probe, Sentry  
  76  5:25  Probe  
  76  5:27  Gateway  
  80  5:29  Gateway  
  80  5:35  Shield Battery  
  80  5:38  Immortal (Chrono Boost)  
  84  5:43  Gateway  
  84  5:45  Gateway  
  84  5:51  Forge  
  84  5:52  Pylon  
  84  5:56  Pylon  
  84  6:03  Pylon  
  84  6:06  Zealot  
  84  6:07  Zealot, Immortal (Chrono Boost)  
  84  6:10  Protoss Ground Weapons Level 1 (Chrono Boost)  
  92  6:16  Pylon  
  92  6:25  Zealot  
  92  6:26  Zealot  
  92  6:30  Pylon x2  
  92  6:31  Pylon  
  100  6:40  Immortal  
  100  6:47  Zealot x5  
  100  6:48  Zealot x3  
  100  6:52  Pylon x2  
  108  7:20  Zealot x8  
  108  7:22  Immortal (Chrono Boost)  
  124  7:28  Robotics Bay  
  128  7:32  Assimilator  
  128  7:33  Assimilator  
  128  7:50  Zealot x3  
  128  7:51  Immortal (Chrono Boost)  
  134  7:57  Zealot x5  
  148  8:20  Immortal (Chrono Boost)  
  130  8:30  Zealot x8  
Show
View Real Time Build Order
Export as new Build Order

INnoVation Terran - Winner!

Build Orders: Reaper Expand 

Get SALT Encoding   

  12  0:00  SCV  
  13  0:12  SCV  
  14  0:16  Supply Depot  
  14  0:24  SCV  
  15  0:38  SCV  
  15  0:39  Barracks  
  16  0:43  Refinery  
  16  0:50  SCV  
  17  1:02  SCV  
  18  1:14  SCV  
  19  1:26  Orbital Command, Reaper  
  20  1:42  Command Center  
  20  1:49  Supply Depot  
  20  1:53  SCV  
  21  1:58  Marine  
  22  2:05  SCV  
  23  2:09  Factory  
  23  2:17  Bunker  
  23  2:19  SCV  
  23  2:20  Barracks Reactor  
  24  2:28  Refinery  
  24  2:31  SCV  
  25  2:43  SCV  
  26  2:53  Hellion  
  26  2:55  Orbital Command  
  26  2:56  SCV  
  29  3:00  Marine x2  
  29  3:04  Starport  
  31  3:08  SCV  
  32  3:15  Factory Tech Lab  
  32  3:22  Marine x2  
  32  3:23  SCV  
  32  3:24  SCV  
  36  3:29  Supply Depot  
  36  3:35  SCV  
  36  3:36  SCV  
  38  3:43  Refinery  
  38  3:44  Barracks  
  38  3:50  Raven  
  38  3:52  SCV x2  
  38  3:53  Factory Tech Lab  
  38  3:54  Marine x2  
  41  4:04  SCV x2  
  43  4:10  Supply Depot  
  43  4:12  Siege Tank, Marine x2  
  43  4:15  Engineering Bay  
  43  4:16  SCV x2  
  50  4:28  SCV x2  
  50  4:31  Marine x2  
  53  4:33  Barracks  
  53  4:36  Supply Depot  
  54  4:39  Stimpack, Starport Reactor, Marine  
  54  4:40  SCV  
  54  4:43  Terran Infantry Weapons Level 1  
  54  4:44  SCV  
  57  4:51  Marine x2  
  59  4:53  Siege Tank  
  59  4:57  Supply Depot, Marine  
  63  5:01  SCV x2  
  63  5:04  Refinery  
  65  5:09  Supply Depot  
  65  5:10  Marine x2  
  67  5:15  Marine  
  67  5:17  SCV x2  
  67  5:19  Supply Depot  
  70  5:21  Starport Reactor  
  70  5:26  Siege Tank  
  73  5:30  Marine x4  
  73  5:33  Marine  
  73  5:34  SCV  
  79  5:35  Supply Depot  
  79  5:43  Supply Depot  
  79  5:46  SCV  
  79  5:48  Marine x4  
  84  5:51  Marine  
  85  5:57  Medivac x2  
  85  5:58  Supply Depot  
  85  5:59  Siege Tank  
  92  6:05  Supply Depot  
  92  6:07  Marine x4  
  92  6:09  Marine  
  97  6:18  Command Center  
  97  6:27  Medivac x2, Marine  
  97  6:28  Marine x3  
  97  6:29  Marine  
  97  6:32  Siege Tank  
  109  6:37  Supply Depot, Terran Infantry Armor Level 1  
  109  6:39  Combat Shield  
  109  6:47  Marine x4  
  109  6:48  Marine  
  109  6:52  SCV x2  
  116  6:58  Medivac  
  116  6:59  Supply Depot, Viking  
  120  7:05  Siege Tank  
  120  7:06  Marine x3  
  120  7:07  Marine  
  123  7:20  Marine  
  121  7:24  Marine x4  
  121  7:25  SCV x2  
  121  7:27  Barracks  
  127  7:31  Orbital Command  
  127  7:34  Medivac x2, Barracks  
  131  7:41  Siege Tank  
  131  7:44  Marine x2  
  135  7:45  Marine  
  135  7:46  Marine  
  135  7:47  Orbital Command  
  135  7:50  Supply Depot  
  138  7:56  Marine  
  139  8:01  Marine  
  139  8:02  Marine, Supply Depot  
  139  8:03  Marine x2  
  136  8:13  Siege Tank  
  136  8:14  Marine x2  
  136  8:19  Marine x2  
  142  8:21  Marine  
  136  8:31  Marine  
  136  8:32  Marine x3  
  126  8:37  Marine x2  
  126  8:39  Marine, SCV x2  
Tags
 
Add a new tag
Caveats
  • Supply blocks, unpowered buildings, or Contaminate may cause inaccurate times.
  • Supply counts are checked every 10 seconds.